Construct Infanterie Kompanie
Selects Terror Battlegroup
Selects Terror Battlegroup
Selects Terror Battlegroup
Selects Machine Gun Camouflage
Construct Luftwaffe Kompanie
Flak 30 Anti-aircraft Gun Team
Luftwaffe Officer Quarters
Marder III M Tank Destroyer
Construct Panzergrenadier Kompanie
Selects Propaganda Leaflet Drop
Selects Propaganda Leaflet Drop
Nebelwerfer 42 Rocket Launcher Team
Nebelwerfer 42 Rocket Launcher Team
Panzergrenadier Officer Quarters
Construct Panzer Kompanie
Selects Defend the Fatherland
Selects King Tiger Heavy Tank